 Dungeon Sprint DCSS version 0.22.1-1-ga44c0e56f4 (webtiles) character file.

192469 KleinerIrrer the End of an Era (level 18, 0/163 HPs)
             Began as a Black Draconian Artificer on Nov 2, 2018.
             Was the Champion of Qazlal.
             Killed from afar by an orb of fire (11 damage)
             ... with a fireball
             ... in the Dungeon (Sprint V: "Ziggurat Sprint").
             The game lasted 00:23:31 (3937 turns).

KleinerIrrer the End of an Era (DrAr)               Turns: 3937, Time: 00:23:32

Health: 0/163      AC: 10    Str: 11    XL:     18   Next: 4%
Magic:  0/40       EV: 34    Int: 14    God:    Qazlal [******]
Gold:   0          SH: 44    Dex: 21    Spells: 45/54 levels left

rFire    + + .     SeeInvis .   J - +7 Screaming Sword
rCold    + + .     Gourm    .   a - +18 shield of the Gong {rElec rN+ MR+ EV-5}
rNeg     + . .     Faith    .   (armour unavailable)
rPois    .         Spirit   +   (helmet restricted)
rElec    +         Reflect  .   (no cloak)
rCorr    .         Harm     .   (no gloves)
MR       ++...     NoTele   +   (no boots)
Stlth    +.........             V - amulet "Isonangoa" {Spirit rF+ rC++ Str-5 Slay+2}
HPRegen  0.37/turn              (no ring)
MPRegen  0.27/turn              P - ring "Nolant" {EV+4 Dex+3 Stlth+}

@: protected from fire, flying, hasted, studying 4 skills, repel missiles, very
quick
A: breathe lightning, unfitting armour, big wings, clever 1, electricity
resistance, cold-blooded, AC +10
a: Breathe Lightning, Stop Flying, Upheaval, Elemental Force, Disaster Area,
Renounce Religion


You were in the Dungeon.
You worshipped Qazlal.
Qazlal was exalted by your worship.
You were not hungry.

You visited 1 branch

Inventory:

Hand Weapons
 B - the +0 demon blade of Dohargho {elec, rN+ Dex+3}
   (You took it off a mummy priest in the Dungeon)

   Occasionally, upon striking a foe, it will discharge some electrical energy
   and cause terrible harm.
   It affects your dexterity (+3).
   It protects you from negative energy.
 J - the +7 Screaming Sword (weapon)
   (You found it in the Dungeon)
Armour
 a - the +18 shield of the Gong (worn) {rElec rN+ MR+ EV-5}
   (You found it in the Dungeon)

   It affects your evasion (-5).
   It insulates you from electricity.
   It protects you from negative energy.
   It affects your resistance to hostile enchantments.
Magical Staves
 H - an uncursed staff of energy
Jewellery
 C - the amulet "Fessenir" {Harm *Contam *Drain +Inv rElec rN++}
   (You found it in the Dungeon)

   [amulet of harm]

   It increases damage dealt and taken.
   It insulates you from electricity.
   It greatly protects you from negative energy.
   It lets you turn invisible.
   It causes magical contamination when unequipped.
   It causes draining when unequipped.
 D - a +6 ring of intelligence
 E - an uncursed ring of fire
 K - an uncursed ring of magical power
 M - a +5 ring of slaying
 O - a +5 amulet of reflection
 P - the ring "Nolant" (right hand) {EV+4 Dex+3 Stlth+}
   (You found it in the Dungeon)

   [ring of evasion]

   It affects your evasion (+4).
   It affects your dexterity (+3).
   It makes you more stealthy.
 Q - a +2 ring of protection
 S - the macabre finger necklace {rN+}
   (You found it in the Dungeon)

   [amulet of nothing]

   It protects you from negative energy.
 V - the amulet "Isonangoa" (around neck) {Spirit rF+ rC++ Str-5 Slay+2}
   (You found it in the Dungeon)

   [amulet of guardian spirit]

   It causes incoming damage to be split between your health and magic.
   It affects your strength (-5).
   It affects your accuracy and damage with ranged weapons and melee attacks
   (+2).
   It protects you from fire.
   It greatly protects you from cold.
 W - an uncursed ring of protection from magic
Wands
 b - a wand of flame (13)
 c - a wand of enslavement (15)
 d - a wand of random effects (15)
 x - a wand of disintegration (7)
 z - a wand of acid (2)
Scrolls
 k - 4 scrolls of blinking
 o - 5 scrolls of brand weapon
 r - 4 scrolls of amnesia
 s - 7 scrolls of fog
 t - 2 scrolls of holy word
 u - 5 scrolls of identify
 v - 5 scrolls of remove curse
 w - 2 scrolls of fear
 N - 8 scrolls of enchant weapon
Potions
 e - 9 potions of curing
 g - 12 potions of heal wounds
 h - 5 potions of haste
 i - 2 potions of magic
 j - 3 potions of berserk rage
 l - 2 potions of brilliance
 m - 2 potions of invisibility
 n - 4 potions of resistance
 p - 6 potions of agility
 q - 5 potions of might
Books
 y - a manual of Necromancy
 A - a manual of Hexes
 L - a manual of Staves
 Y - a manual of Stealth
Miscellaneous
 G - a lightning rod (4/4)
 I - a crystal ball of energy
 R - a fan of gales
 T - a phial of floods
 U - 6 boxes of beasts
 X - a fan of gales
 Z - a lamp of fire
Comestibles
 f - 6 rations


   Skills:
 * Level 15.3 Fighting
   Level 1.0 Short Blades
 O Level 27 Dodging
 - Level 0.8 Stealth
 O Level 27 Shields
 * Level 18.6 Spellcasting
 * Level 26.6 Air Magic
 O Level 27 Invocations
 - Level 5.2 Evocations


You had 45 spell levels left.
You knew the following spells:

 Your Spells              Type           Power        Failure   Level  Hunger
a - Tornado               Air            ######....   8%          9    #######

Your spell library contained the following spells:

 Spells                   Type           Power        Failure   Level  Hunger
 Swiftness                Chrm/Air       ######..     1%          2    None
 Mephitic Cloud           Conj/Pois/Air  #####...     1%          3    None
 Static Discharge         Conj/Air       ######..     1%          3    None
 Summon Lightning Spire   Summ/Air       ######..     1%          4    None
 Silence                  Hex/Air        ######....   1%          5    ####...
 Animate Skeleton         Necr           N/A          4%          1    None
 Apportation              Tloc           ##....       4%          1    None
 Beastly Appendage        Tmut           ##....       4%          1    None
 Confusing Touch          Hex            ##....       4%          1    None
 Corona                   Hex            ##.....      4%          1    None
 Freeze                   Ice            ##..         4%          1    None
 Infusion                 Chrm           ##..         4%          1    None
 Magic Dart               Conj           ##..         4%          1    None
 Sandblast                Erth           ##....       4%          1    None
 Sting                    Conj/Pois      ##..         4%          1    None
 Summon Butterflies       Summ           ##......     4%          1    None
 Summon Small Mammal      Summ           ##..         4%          1    None
 Blink                    Tloc           N/A          7%          2    None
 Call Imp                 Summ           ##......     7%          2    None
 Corpse Rot               Necr           N/A          7%          2    None
 Ensorcelled Hibernation  Hex/Ice        ##....       7%          2    None
 Passwall                 Tmut/Erth      ##......     7%          2    None
 Shroud of Golubria       Chrm/Tloc      ##........   7%          2    None
 Slow                     Hex            ##......     7%          2    None
 Song of Slaying          Chrm           ##......     7%          2    None
 Sublimation of Blood     Necr           ##........   7%          2    None
 Throw Flame              Conj/Fire      ##....       7%          2    None
 Call Canine Familiar     Summ           ##......     13%         3    None
 Confuse                  Hex            ##......     13%         3    None
 Conjure Flame            Conj/Fire      ##......     13%         3    None
 Gell's Gravitas          Tloc           ##........   13%         3    None
 Inner Flame              Hex/Fire       ##......     13%         3    None
 Portal Projectile        Hex/Tloc       ##....       13%         3    None
 Regeneration             Chrm/Necr      ##........   13%         3    None
 Spectral Weapon          Hex/Chrm       ##......     13%         3    None
 Spider Form              Tmut/Pois      ##........   13%         3    None
 Stone Arrow              Conj/Erth      ##....       13%         3    None
 Summon Guardian Golem    Hex/Summ       ##......     13%         3    None
 Freezing Cloud           Conj/Ice/Air   #####.....   17%         6    #####..
 Cause Fear               Hex            ##........   41%         4    None
 Force Lance              Conj/Tloc      ##......     41%         4    None
 Ice Form                 Ice/Tmut       ##......     41%         4    None
 Iskenderun's Mystic Bla  Conj           ##......     41%         4    None
 Leda's Liquefaction      Hex/Erth       ##........   41%         4    None
 Passage of Golubria      Tloc           N/A          41%         4    None
 Petrify                  Tmut/Erth      ##......     41%         4    None
 Sticky Flame             Conj/Fire      ##......     41%         4    None
 Summon Ice Beast         Ice/Summ       ##......     41%         4    None
 Bolt of Draining         Conj/Necr      ##........   77%         5    ####...
 Bolt of Magma            Conj/Fire/Erth ##........   77%         5    ####...
 Borgnjor's Vile Clutch   Necr/Erth      ##........   77%         5    ####...
 Lee's Rapid Deconstruct  Erth           ##........   77%         5    ####...
 Metabolic Englaciation   Hex/Ice        ##........   77%         5    ####...
 Summon Mana Viper        Hex/Summ       ##......     77%         5    ####...
 Yara's Violent Unravell  Hex/Tmut       ##........   77%         5    ####...
 Bolt of Cold             Conj/Ice       ##........   100%        6    #####..
 Darkness                 Hex            ##........   100%        6    #####..
 Invisibility             Hex            ##......     100%        6    #####..
 Iron Shot                Conj/Erth      ##........   100%        6    #####..
 Ozocubu's Refrigeration  Ice            ##........   100%        6    #####..
 Shadow Creatures         Summ           N/A          100%        6    #####..
 Simulacrum               Ice/Necr       ##........   100%        6    #####..
 Statue Form              Tmut/Erth      ##.......    100%        6    #####..
 Dragon Form              Tmut           ##........   100%        7    #######
 Orb of Destruction       Conj           ##........   100%        7    #######
 Summon Hydra             Summ           ##........   100%        7    #######
 Ignition                 Fire           ##........   100%        8    #######
 Shatter                  Erth           ##........   100%        9    #######


Dungeon Overview and Level Annotations

Branches:
Dungeon (1/1)

Altars:
Ashenzari
Cheibriados
Dithmenos
Elyvilon
Fedhas
Gozag
Hepliaklqana
Kikubaaqudgha
Makhleb
Nemelex Xobeh
Okawaru
Qazlal
Ru
Sif Muna
Trog
Uskayaw
Vehumet
Wu Jian
Xom
Yredelemnul
Zin
The Shining One
Beogh
Jiyva
Lugonu


Innate Abilities, Weirdness & Mutations

You can breathe wild blasts of lightning.
Your glossy black scales are hard. (AC +10)
You cannot fit into any form of body armour.
Your large and strong wings let you fly indefinitely.
You are resistant to electric shocks. (rElec)
You are cold-blooded and may be slowed by cold attacks.
Your mind is acute. (Int +2)


Message History

The orb of fire completely resists.
The fireball engulfs the orb of fire.
The orb of fire completely resists.
The fireball engulfs the orb of fire.
The orb of fire completely resists.
The fireball engulfs you! You resist.
You feel more protected from fire.
* * * LOW HITPOINT WARNING * * *
A fire dragon comes into view.
Unknown command.
You feel much better.
The orb of fire glows deep purple.
The fireball explodes!
The fireball engulfs you! You resist.
* * * LOW HITPOINT WARNING * * *
The fireball engulfs the orb of fire.
The orb of fire completely resists.
The fireball engulfs the orb of fire.
The orb of fire completely resists.
The fireball engulfs the orb of fire.
The orb of fire completely resists.
The orb of fire emits a lurid red light.
The fireball explodes!
The fireball engulfs the orb of fire.
The orb of fire completely resists.
The fireball engulfs the orb of fire.
The orb of fire completely resists.
The fireball engulfs the orb of fire.
The orb of fire completely resists.
The fireball engulfs you! You resist.
You die...

)....▓ .....▓
...§D.≈§)C)....
.....▓
.C≈D§.C2§≈≈≈≈≈.
.....▓
.≈≈≈.RhCED.≈†≈..
.....▓
≈≈22≈≈≈§R.≈≈....
.....▓
.≈≈≈≈..*≈).≈≈...
.....▓
.≈≈.≈*§.§≈)..≈..
.....
...≈≈≈≈***...≈.≈.
....
.....≈§.@...≈....
▓..
.....≈.§††§..≈≈..
.▓.
.≈▓...§.§§≈.▓....
▓..
....≈....≈≈......
...
.≈.≈....≈≈≈≈.....
...
.......≈.≈≈......
...
.......©.≈.......
▓▓▓
▓▓▓▓▓▓▓▓▓▓▓▓▓▓▓▓▓


You could see 5 orbs of fire, 4 fire giants, 3 fire dragons, 3 balrugs, 2
efreet, a fire elemental and a hell hound.

Vanquished Creatures
  An orb of fire (D)
  2 juggernauts (shapeshifter) (D)
  2 greater mummies (D)
  A shard shrike (shapeshifter) (D)
  A caustic shrike (shapeshifter) (D)
  A starcursed mass (D)
  3 liches (D)
  An iron giant (shapeshifter) (D)
  2 Ice Fiends (D)
  An acid blob (D)
  A titan (shapeshifter) (D)
  A titan (D)
  An acid blob (shapeshifter) (D)
  A tentacled starspawn (D)
  3 storm dragons (D)
  3 fire giants (D)
  An azure jelly (shapeshifter) (D)
  12 frost giants (D)
  8 balrugs (D)
  A ghoul (D)
  An iron dragon (shapeshifter) (D)
  2 stone giants (D)
  4 vampire knights (D)
  3 dire elephants (D)
  An apis (D)
  A red draconian (D)
  A merfolk javelineer (D)
  4 mummy priests (D)
  6 blizzard demons (D)
  4 merfolk impalers (D)
  2 death oozes (D)
  2 fire dragons (D)
  A great orb of eyes (D)
  10 ice dragons (D)
  A rakshasa (D)
  A yaktaur captain (D)
  3 hydras (D)
  7 vault guards (D)
  4 spriggan air magi (D)
  5 merfolk aquamancers (D)
  An alligator snapping turtle (D)
  An anaconda (shapeshifter) (D)
  A merfolk avatar (D)
  An alligator (shapeshifter) (D)
  2 death scarabs (D)
  5 hell hogs (D)
  2 dancing weapons (D)
  2 shock serpents (shapeshifter) (D)
  A deep elf knight (D)
  5 spriggan berserkers (D)
  2 skeletal warriors (D)
  A death drake (shapeshifter) (D)
  4 swamp dragons (D)
  An unseen horror (shapeshifter) (D)
  4 deep elf archers (D)
  3 deep elf magi (D)
  A phantasmal warrior (D)
  A glowing orange brain (D)
  A shambling mangrove (D)
  10 necromancers (D)
  A harpy (D)
  2 shining eyes (D)
  A faun (D)
  2 orb spiders (shapeshifter) (D)
  A manticore (shapeshifter) (D)
  A wolf spider (shapeshifter) (D)
  2 ugly things (D)
  A black mamba (D)
  A water nymph (D)
  A salamander (shapeshifter) (D)
  An orange demon (D)
  A water nymph (shapeshifter) (D)
  3 eyes of devastation (D)
  A smoke demon (D)
  A torpor snail (shapeshifter) (D)
  9 spiny frogs (D)
  16 rime drakes (D)
  A komodo dragon (D)
  2 yaktaurs (D)
  A tormentor (D)
  3 efreet (D)
  11 freezing wraiths (D)
  9 ice devils (D)
  9 guardian mummies (D)
  An ancient zyme (D)
  A troll (shapeshifter) (D)
  A merfolk (D)
  5 polar bears (D)
  A merfolk (shapeshifter) (D)
  6 wind drakes (D)
  3 hornets (D)
  A raiju (D)
  3 blink frogs (D)
  5 large abominations (D)
  11 slime creatures (D)
  3 hippogriffs (D)
  2 dream sheep (shapeshifter) (D)
  5 air elementals (D)
  2 vampires (D)
  4 shadows (D)
  2 ynoxinuls (D)
  A spriggan (D)
  A water elemental (D)
  2 yaks (shapeshifter) (D)
  2 yaks (D)
  A tarantella (D)
  A tarantella (shapeshifter) (D)
  2 basilisks (D)
  A steam dragon (D)
  A human (shapeshifter) (D)
  An ushabti (D)
  A golden eye (shapeshifter) (D)
  5 fire elementals (D)
  A neqoxec (D)
  A chaos spawn (D)
  A naga (shapeshifter) (D)
  4 insubstantial wisps (D)
  11 hell hounds (D)
  An acid dragon (D)
  A water moccasin (shapeshifter) (D)
  A swamp drake (D)
  9 water moccasins (D)
  A porcupine (D)
  A floating eye (shapeshifter) (D)
  A black bear (shapeshifter) (D)
  7 ice beasts (D)
  3 necrophages (D)
  An ogre (shapeshifter) (D)
  2 wolves (D)
  10 crocodiles (D)
  A small abomination (D)
  2 bullfrogs (D)
  2 earth elementals (D)
  5 scorpions (D)
  3 wights (D)
  An iron imp (D)
  5 iguanas (D)
  9 mummies (D)
  A river rat (D)
  9 white imps (D)
  An ooze (D)
  An adder zombie (D)
  2 adder skeletons (D)
  3 adder simulacra (D)
  2 bat skeletons (D)
  7 bat zombies (D)
  A goblin (shapeshifter) (D)
  2 jackals (D)
  A ball python zombie (D)
  3 bat simulacra (D)
  2 giant cockroach zombies (D)
  A jackal zombie (D)
  A leopard gecko simulacrum (D)
  A leopard gecko skeleton (D)
  A quokka skeleton (D)
  A butterfly (D)
  7 fire vortices (D)
  A starspawn tentacle (D)
447 creatures vanquished.

Vanquished Creatures (others)
  A merfolk aquamancer (D)
  A deep elf archer (D)
  2 deep elf magi (D)
  A starspawn tentacle (D)
5 creatures vanquished.

Grand Total: 452 creatures vanquished

Notes
Turn   | Place    | Note
-------+----------+-------------------------------------------
     0 | D        | Found the +6 Majin-Bo {vamp, Archmagi MP+6 Int+6}
     0 | D        | Found the +7 great mace "Firestarter" {inner flame, rF++}
     0 | D        | KleinerIrrer the Draconian Artificer began the quest for
                  | the Orb.
     0 | D        | Reached XP level 1. HP: 16/16 MP: 3/3
     0 | D        | Found a deep blue altar of Sif Muna.
     0 | D        | Found a sacrificial altar of Ru.
     0 | D        | Found a bloodstained altar of Trog.
     0 | D        | Found a stormy altar of Qazlal.
     0 | D        | Found an iron altar of Okawaru.
     0 | D        | Found a sparkling altar of Nemelex Xobeh.
     0 | D        | Found a blossoming altar of Fedhas.
     2 | D        | Found a transporter.
     2 | D        | Found an ancient bone altar of Kikubaaqudgha.
     2 | D        | Found a viscous altar of Jiyva.
     2 | D        | Found a corrupted altar of Lugonu.
     2 | D        | Found a hazy altar of Hepliaklqana.
     2 | D        | Found a burning altar of Makhleb.
     2 | D        | Found an opulent altar of Gozag.
    23 | D        | Found the +6 shillelagh "Devastator" {shatter}
    23 | D        | Found the +11 plutonium sword {*Contam Stlth-}
    23 | D        | Found the +8 lance "Wyrmbane" {slay drac, rPois rF+ rC+
                  | AC+3}
    23 | D        | Found the +9 sword of Zonguldrok {reap}
    23 | D        | Found the cursed +13 scythe of Curses {drain, *Curse}
    23 | D        | Found the +0 sword of Power
    23 | D        | Found the +7 mace of Variability {chain chaos}
    23 | D        | Found the +7 Singing Sword
    23 | D        | Found the +7 longbow "Piercer" {penet, EV-2}
    33 | D        | Found the +9 heavy crossbow "Sniper" {velocity, Acc+∞ SInv}
    33 | D        | Found the +10 dark maul {crush}
    33 | D        | Found the +15 Maxwell's patent armour {-Cast -Tele rElec
                  | MR+ rCorr}
    33 | D        | Found the +18 shield of the Gong {rElec rN+ MR+ EV-5}
    33 | D        | Found the cursed +14 obsidian axe {chop, +Fly SInv *Curse}
    38 | D        | Became a worshipper of Qazlal Stormbringer
    51 | D        | Reached skill level 5 in Evocations
    51 | D        | Reached XP level 2. HP: 23/23 MP: 3/5
    53 | D        | Entered arena 2.
    53 | D        | Found a transporter.
    59 | D        | Reached XP level 3. HP: 28/28 MP: 3/7
    90 | D        | Entered arena 3.
    90 | D        | Found a transporter.
    96 | D        | Reached * piety under Qazlal
   286 | D        | Entered arena 4.
   286 | D        | Noticed an air elemental
   286 | D        | Noticed a deep elf knight
   286 | D        | Noticed a deep elf mage
   286 | D        | Noticed a deep elf archer
   286 | D        | Found a transporter.
   287 | D        | Noticed a fire elemental
   288 | D        | Killed a deep elf mage
   288 | D        | Reached XP level 4. HP: 35/35 MP: 9/12
   288 | D        | Reached XP level 5. HP: 40/40 MP: 9/13
   288 | D        | Reached XP level 6. HP: 47/47 MP: 10/15
   290 | D        | Killed a deep elf archer
   290 | D        | Reached ** piety under Qazlal
   290 | D        | Your scales start taking on a glossy black colour.
   290 | D        | Reached XP level 7. HP: 44/52 MP: 10/17
   290 | D        | Gained mutation: You are resistant to electric shocks.
                  | (rElec) [Black Draconian growth]
   290 | D        | Killed a deep elf knight
   290 | D        | Reached skill level 15 in Invocations
   290 | D        | Reached XP level 8. HP: 50/59 MP: 10/19
   294 | D        | Killed an air elemental
   294 | D        | Reached skill level 10 in Shields
   437 | D        | Entered arena 5.
   437 | D        | Found a transporter.
   440 | D        | Reached *** piety under Qazlal
   464 | D        | Got the Disquisition on Gliding Combat Magic
   466 | D        | Entered arena 6.
   466 | D        | Noticed a deep elf mage
   466 | D        | Noticed a glaive of holy wrath
   466 | D        | Noticed a scimitar of holy wrath
   466 | D        | Noticed a deep elf archer
   466 | D        | Found a transporter.
   469 | D        | Killed a deep elf mage
   473 | D        | Killed a glaive of holy wrath
   473 | D        | Reached **** piety under Qazlal
   473 | D        | Reached XP level 9. HP: 49/64 MP: 19/21
   477 | D        | Killed a scimitar of holy wrath
   477 | D        | Reached skill level 5 in Dodging
   478 | D        | Killed a deep elf archer
   574 | D        | Entered arena 7.
   574 | D        | Noticed a brown ugly thing
   574 | D        | Noticed a green ugly thing
   574 | D        | Noticed an orb spider
   575 | D        | Killed an orb spider
   575 | D        | Reached ***** piety under Qazlal
   575 | D        | Reached XP level 10. HP: 71/71 MP: 22/22
   576 | D        | Killed a green ugly thing
   576 | D        | Killed a brown ugly thing
   577 | D        | Found a transporter.
   587 | D        | Entered arena 8.
   591 | D        | Found a transporter.
   646 | D        | Entered arena 9.
   646 | D        | Noticed a hell hog
   648 | D        | Killed a hell hog
   648 | D        | Reached skill level 15 in Shields
   657 | D        | Found a transporter.
   665 | D        | Got the Reference Book on the Fetching Birds
   667 | D        | Got Dekuggageg's Thorough Guide to Magic
   706 | D        | Entered arena 10.
   707 | D        | Reached ****** piety under Qazlal
   719 | D        | Found a transporter.
   733 | D        | Got the ring "Nolant" {EV+4 Dex+3 Stlth+}
   747 | D        | Entered arena 11.
   747 | D        | Noticed a deep elf archer
   747 | D        | Noticed a deep elf mage
   747 | D        | Noticed a deep elf mage
   747 | D        | Noticed a deep elf archer
   747 | D        | Noticed a deep elf mage
   747 | D        | Noticed a deep elf archer
   748 | D        | Killed a deep elf mage
   748 | D        | Killed a deep elf mage
   749 | D        | Killed a deep elf archer
   749 | D        | Reached XP level 11. HP: 77/77 MP: 19/24
   749 | D        | Found a transporter.
   750 | D        | Killed a deep elf archer
   750 | D        | Killed a deep elf archer
   750 | D        | Killed a deep elf mage
   769 | D        | Got the Guide on the Frostbite and Transmutation
   924 | D        | Entered arena 12.
   925 | D        | Noticed a necromancer
   925 | D        | Noticed a necromancer
   926 | D        | Noticed a necromancer
   929 | D        | Killed a necromancer
   929 | D        | Killed a necromancer
   929 | D        | Killed a necromancer
   933 | D        | Found a transporter.
   941 | D        | Got the Disquisition on Flamy Dislocation
   966 | D        | Entered arena 13.
   966 | D        | Noticed a swamp dragon
   966 | D        | Noticed a swamp dragon
   966 | D        | Noticed a swamp dragon
   966 | D        | Noticed an ice dragon
   966 | D        | Noticed a six-headed hydra
   967 | D        | Noticed an eight-headed hydra
   967 | D        | Noticed a swamp dragon
   972 | D        | Killed a six-headed hydra
   972 | D        | Killed a swamp dragon
   972 | D        | Killed an eight-headed hydra
   972 | D        | Killed a swamp dragon
   972 | D        | Killed a swamp dragon
   972 | D        | Killed a swamp dragon
   972 | D        | Killed an ice dragon
   972 | D        | Reached XP level 12. HP: 44/83 MP: 24/26
  1138 | D        | Found a transporter.
  1154 | D        | Got the amulet "Isonangoa" {Spirit rF+ rC++ Str-5 Slay+2}
  1160 | D        | Entered arena 14.
  1160 | D        | Noticed a vampire knight
  1160 | D        | Noticed a vampire knight
  1164 | D        | Reached skill level 10 in Dodging
  1165 | D        | Killed a vampire knight
  1165 | D        | Killed a vampire knight
  1174 | D        | Found a transporter.
  1415 | D        | Entered arena 15.
  1415 | D        | Noticed a spriggan air mage
  1416 | D        | Noticed an apis
  1418 | D        | Noticed a spriggan air mage
  1421 | D        | Noticed a death yak
  1421 | D        | Killed a spriggan air mage
  1421 | D        | Killed a spriggan air mage
  1421 | D        | Killed an apis
  1422 | D        | Reached XP level 13. HP: 68/89 MP: 12/28
  1437 | D        | Found a transporter.
  1503 | D        | Entered arena 16.
  1503 | D        | Noticed a stone giant
  1503 | D        | Noticed a lich
  1503 | D        | Noticed a lich
  1504 | D        | Noticed a stone giant
  1505 | D        | Killed a stone giant
  1505 | D        | Killed a lich
  1505 | D        | Killed a stone giant
  1505 | D        | Killed a lich
  1507 | D        | Found a transporter.
  1523 | D        | Got the Papyrus of the Hurtful Rocks
  1527 | D        | Entered arena 17.
  1529 | D        | Noticed a storm dragon
  1529 | D        | Noticed a titan
  1530 | D        | Noticed a storm dragon
  1530 | D        | Noticed a storm dragon
  1531 | D        | Killed a storm dragon
  1531 | D        | Killed a storm dragon
  1531 | D        | Killed a storm dragon
  1531 | D        | Gained mutation: Your large and strong wings let you fly
                  | indefinitely. [Black Draconian growth]
  1531 | D        | Reached XP level 14. HP: 40/96 MP: 11/31
  1531 | D        | Killed a titan
  1535 | D        | Found a transporter.
  1752 | D        | Entered arena 18.
  1766 | D        | Reached skill level 27 in Invocations
  1795 | D        | Found a transporter.
  2172 | D        | Got the Guide on Hurtful Cold
  2175 | D        | Entered arena 19.
  2175 | D        | Noticed a vampire knight
  2175 | D        | Noticed a vampire knight
  2176 | D        | Noticed a ghoul
  2177 | D        | Killed a vampire knight
  2181 | D        | Killed a ghoul
  2184 | D        | Noticed a lich
  2188 | D        | Killed a lich
  2188 | D        | Killed a vampire knight
  2190 | D        | Found a transporter.
  2309 | D        | Entered arena 20.
  2313 | D        | Noticed an acid blob
  2315 | D        | Killed an acid blob
  2315 | D        | Reached skill level 27 in Shields
  2315 | D        | Reached skill level 15 in Dodging
  2315 | D        | Reached XP level 15. HP: 102/102 MP: 32/32
  2318 | D        | Found a transporter.
  2333 | D        | Got the Papyrus of Dark Ice
  2336 | D        | Got Mili's Catalogue of Evil Hexes
  2516 | D        | Entered arena 21.
  2523 | D        | Noticed a tentacled starspawn
  2525 | D        | Killed a tentacled starspawn
  2525 | D        | Killed a starcursed mass
  2530 | D        | Found the +8 trident of the Octopus King {venom, rElec
                  | rPois MR+}
  2531 | D        | Found a transporter.
  2597 | D        | Learned a level 9 spell: Tornado
  2758 | D        | Entered arena 22.
  2764 | D        | Noticed a greater mummy
  2765 | D        | Noticed a greater mummy
  2766 | D        | Reached skill level 5 in Air Magic
  2766 | D        | Killed a greater mummy
  2766 | D        | Reached skill level 15 in Air Magic
  2767 | D        | Killed a greater mummy
  2779 | D        | Found a transporter.
  3176 | D        | Got the +0 demon blade of Dohargho {elec, rN+ Dex+3}
  3181 | D        | Entered arena 23.
  3186 | D        | Noticed a shard shrike
  3186 | D        | Noticed a juggernaut
  3187 | D        | Noticed an iron giant
  3187 | D        | a shard shrike changed into an iron giant
  3187 | D        | Reached skill level 1 in Spellcasting
  3188 | D        | Noticed a juggernaut
  3189 | D        | Noticed a shard shrike
  3190 | D        | Killed a shard shrike
  3190 | D        | Reached skill level 5 in Spellcasting
  3190 | D        | Noticed a juggernaut
  3190 | D        | Noticed an iron dragon
  3191 | D        | Killed an iron giant
  3191 | D        | Reached XP level 16. HP: 86/101 MP: 19/33
  3191 | D        | Killed a juggernaut
  3192 | D        | Noticed an acid blob
  3193 | D        | Noticed a titan
  3194 | D        | Noticed a juggernaut
  3194 | D        | a titan changed into a juggernaut
  3194 | D        | Noticed a titan
  3194 | D        | a juggernaut changed into a titan
  3195 | D        | Killed a juggernaut
  3195 | D        | Reached skill level 10 in Spellcasting
  3195 | D        | Killed an acid blob
  3195 | D        | Killed a titan
  3197 | D        | Noticed a juggernaut
  3198 | D        | Noticed a titan
  3198 | D        | a juggernaut changed into a titan
  3198 | D        | Noticed an iron giant
  3198 | D        | a juggernaut changed into an iron giant
  3200 | D        | Noticed a juggernaut
  3200 | D        | a titan changed into a juggernaut
  3200 | D        | Noticed a caustic shrike
  3200 | D        | an iron giant changed into a caustic shrike
  3201 | D        | Killed a caustic shrike
  3202 | D        | Noticed a shard shrike
  3202 | D        | a juggernaut changed into a shard shrike
  3203 | D        | Noticed a titan
  3203 | D        | a shard shrike changed into a titan
  3206 | D        | Noticed a shard shrike
  3206 | D        | a titan changed into a shard shrike
  3209 | D        | Noticed a juggernaut
  3209 | D        | a shard shrike changed into a juggernaut
  3212 | D        | Found a transporter.
  3213 | D        | Noticed a titan
  3213 | D        | a juggernaut changed into a titan
  3217 | D        | Noticed a caustic shrike
  3217 | D        | a titan changed into a caustic shrike
  3220 | D        | Noticed an iron giant
  3220 | D        | a caustic shrike changed into an iron giant
  3224 | D        | Noticed an acid blob
  3224 | D        | an iron giant changed into an acid blob
  3226 | D        | Noticed a golden dragon
  3226 | D        | an acid blob changed into a golden dragon
  3231 | D        | Noticed an iron giant
  3231 | D        | a golden dragon changed into an iron giant
  3232 | D        | Noticed a caustic shrike
  3232 | D        | an iron giant changed into a caustic shrike
  3233 | D        | Noticed a golden dragon
  3233 | D        | a caustic shrike changed into a golden dragon
  3238 | D        | Noticed a caustic shrike
  3238 | D        | a golden dragon changed into a caustic shrike
  3243 | D        | a caustic shrike changed into an iron troll
  3255 | D        | Got the amulet "Fessenir" {Harm *Contam *Drain +Inv rElec
                  | rN++}
  3592 | D        | Entered arena 24.
  3602 | D        | Noticed an Ice Fiend
  3603 | D        | Found the amulet of Vitality {Regen+ HP+15}
  3603 | D        | Killed an Ice Fiend
  3605 | D        | Found a transporter.
  3638 | D        | Entered arena 25.
  3646 | D        | Found the +8 autumn katana {slice, Clar}
  3647 | D        | Reached XP level 17. HP: 121/121 MP: 35/35
  3647 | D        | Reached skill level 5 in Fighting
  3650 | D        | Found a transporter.
  3676 | D        | Entered arena 26.
  3684 | D        | Noticed an Ice Fiend
  3686 | D        | Found the ring of the Mage {Wiz MR++ Int+3}
  3686 | D        | Found the macabre finger necklace {rN+}
  3687 | D        | Reached skill level 15 in Spellcasting
  3689 | D        | Reached skill level 10 in Fighting
  3690 | D        | Killed an Ice Fiend
  3691 | D        | Found a transporter.
  3921 | D        | Entered arena 27.
  3929 | D        | Noticed an orb of fire
  3929 | D        | Noticed an orb of fire
  3930 | D        | Reached skill level 27 in Dodging
  3930 | D        | Killed an orb of fire
  3930 | D        | Noticed an orb of fire
  3931 | D        | Noticed an orb of fire
  3931 | D        | Noticed an orb of fire
  3933 | D        | Reached skill level 15 in Fighting
  3933 | D        | Reached XP level 18. HP: 107/163 MP: 14/40
  3933 | D        | Noticed an orb of fire
  3936 | D        | Gained mutation: Your mind is acute. (Int +2) [an orb of
                  | fire]
  3937 | D        | Killed from afar by an orb of fire

Skill      XL: |  1  2  3  4  5  6  7  8  9 10 11 12 13 14 15 16 17 |
---------------+----------------------------------------------------+-----
Shields        | 4 7 9 12 13 16 20 22 23 27 | 27.0
Invocations    | 4 6 12 14 15 16 17 18 20 23 26 27 | 27.0
Evocations     | 5 |  5.2
Dodging        | 4 6 8 9 10 12 15 21 24 27 | 27.0
Air Magic      | 18 23 26 | 26.6
Spellcasting   | 6 14 18 | 18.6
Fighting       | 3 15 | 15.3
Short Blades   | |  1.0
Stealth        | |  0.8

Action                   |  1- 3 |  4- 6 |  7- 9 | 10-12 | 13-15 | 16-18 || total
-------------------------+-------+-------+-------+-------+-------+-------++-------
Melee: Double sword      |    10 |       |    23 |    29 |    49 |    22 ||   133
       Tailslap          |       |       |     6 |     7 |    10 |    10 ||    33
       Demon blade       |       |       |       |       |       |    15 ||    15
Invok: Upheaval          |       |       |       |     7 |     2 |     2 ||    11
       Disaster Area     |       |       |       |     6 |    15 |    14 ||    35
 Abil: Breathe Lightning |       |       |       |     1 |       |     1 ||     2
       Fly               |       |       |       |       |     1 |       ||     1
Evoke: Wand              |     4 |       |     4 |       |     6 |       ||    14
       Lightning rod     |     1 |     1 |     6 |       |     3 |       ||    11
       Phial of floods   |       |       |       |       |     1 |       ||     1
  Use: Potion            |     1 |       |     2 |     2 |     3 |     6 ||    14
  Eat: Chunk             |       |       |       |     2 |     2 |       ||     4
       Ration            |       |       |       |       |     1 |     1 ||     2
Armor: Skin              |     5 |       |     2 |     2 |     6 |       ||    15
Dodge: Dodged            |     3 |     1 |     4 |    12 |    18 |    33 ||    71
       Deflected         |       |       |       |     1 |     2 |     2 ||     5
Block: Shield            |    25 |     2 |    46 |    70 |   138 |    92 ||   373
       Rpst.: Double sword |       |       |     2 |     2 |     1 |     7 ||    12
       Demon blade       |       |       |       |       |       |     2 ||     2
